 Dungeon Sprint DCSS version 0.25-a0-502-g6516661 (webtiles) character file.

Game seed: 15997506966153918071, levelgen mode: deterministic

669 Faca the Fighter (level 7, -6/71 HPs)
             Began as a Formicid Fighter on Feb 12, 2020.
             Was a Follower of Okawaru.
             Mangled by a troll (9 damage)
             ... in the Dungeon (Sprint IX: "|||||||||||||||||||||||||||||").
             The game lasted 00:01:41 (470 turns).

Faca the Fighter (Formicid Fighter)                  Turns: 470, Time: 00:01:41

Health: -6/71      AC: 10    Str: 26    XL:     7   Next: 89%
Magic:  5/7        EV: 14    Int:  7    God:    Okawaru [*.....]
Gold:   0          SH: 11    Dex: 10    Spells: 6/6 levels left

rFire    . . .     SeeInvis +   p - +2 morningstar (vorpal)
rCold    . . .     Gourm    .   c - +0 kite shield
rNeg     . . .     Faith    .   b - +0 scale mail
rPois    .         Spirit   .   (helmet unavailable)
rElec    .         Reflect  .   (no cloak)
rCorr    .         Harm     .   r - +0 pair of gloves
MR       .....                  q - +0 pair of boots
Stlth    +.........             (no amulet)
HPRegen  0.21/turn              t - +3 ring of strength
MPRegen  0.10/turn              s - +2 ring of evasion

@: heroism
A: permanent stasis, dig shafts and tunnels, four strong arms, antennae 3
a: Dig, Heroism, Renounce Religion


You were in the Dungeon.
You worshipped Okawaru.
Okawaru was aware of your devotion.
You were not hungry.

You visited 1 branch

Inventory:

Hand Weapons
 a - a +0 flail
 p - a +2 vorpal morningstar (weapon)
Armour
 b - a +0 scale mail (worn)
 c - a +0 kite shield (worn)
 q - a +0 pair of boots (worn)
 r - a +0 pair of gloves (worn)
Jewellery
 s - a +2 ring of evasion (right hand)
 t - a +3 ring of strength (left hand)
Wands
 o - a wand of iceblast (10)
Scrolls
 k - 2 scrolls of blinking
 m - 3 scrolls of remove curse
 n - 2 scrolls of amnesia
Potions
 e - 5 potions of curing
 g - a potion of invisibility
 h - a potion of haste
 i - 4 potions of magic
 j - a potion of berserk rage
 l - 2 potions of heal wounds
Comestibles
 d - 7 chunks of flesh
 f - a ration


   Skills:
 + Level 12.5(17.5) Fighting
 + Level 11.3(16.3) Maces & Flails
 - Level 3.2(8.2) Armour
 - Level 3.6(8.6) Shields


You had 6 spell levels left.
You didn't know any spells.
Your spell library was empty.

Dungeon Overview and Level Annotations

Branches:
Dungeon (1/1)

Altars:
Cheibriados
Dithmenos
Elyvilon
Fedhas
Gozag
Hepliaklqana
Kikubaaqudgha
Makhleb
Nemelex Xobeh
Okawaru
Qazlal
Ru
Sif Muna
Trog
Uskayaw
Vehumet
Wu Jian
Xom
Yredelemnul
Zin
The Shining One
Beogh
Jiyva
Lugonu


Innate Abilities, Weirdness & Mutations

You cannot be hasted, slowed, berserked, paralysed or teleported.
You can dig through walls and to a lower floor.
Your four strong arms can wield two-handed weapons with a shield.
You have a pair of large antennae on your head. (SInv)


Message History

You block the troll's attack. The troll claws you.
You puncture the troll!
The troll is heavily wounded.
You block the troll's attack. x2; The troll claws you but does no damage.
You closely miss the troll.
The troll is heavily wounded.
The troll bites you. You block the troll's attack. The troll barely misses you.
You sock the troll!
The troll is almost dead.
The troll bites you! You block the troll's attack. The troll claws you!
You gain the combat prowess of a mighty hero.
The troll bites you!
* * * LOW HITPOINT WARNING * * *
You block the troll's attack. x2
You closely miss the troll.
The troll is severely wounded.
The troll bites you!
* * * LOW HITPOINT WARNING * * *
You block the troll's attack. The troll claws you!
You die...

▓.▓
{
▓(▓
▓)▓
▓.▓
▓.▓
▓.▓
▓.▓
▓.▓
▓@▓
▓T▓
▓x▓
▓D▓
▓C▓
▓a▓
▓T▓
▓.▓


You could see a seven-headed hydra, a cyclops, 2 trolls, an unseen horror
(invisible) and a worker ant.

Vanquished Creatures
  A hippogriff (D)
  A phantom (D)
  An ice beast (D)
  2 ogres (D)
  A big kobold (D)
  A crimson imp (D)
  A hound (D)
  A worm (D)
  A bat skeleton (D)
  A giant cockroach (D)
  A goblin (D)
  A hobgoblin (D)
  A quokka (D)
  A bat (D)
  A rat (D)
16 creatures vanquished.

Notes
Turn   | Place    | Note
-------+----------+-------------------------------------------
     0 | D        | Faca the Formicid Fighter began the quest for the Orb.
     0 | D        | Reached XP level 1. HP: 18/18 MP: 1/1
    13 | D        | Reached skill level 4 in Fighting
    24 | D        | Noticed an ogre
    24 | D        | Noticed an ogre
    32 | D        | Reached XP level 2. HP: 16/26 MP: 2/2
    38 | D        | Killed an ogre
    38 | D        | Reached skill level 7 in Fighting
    38 | D        | Reached XP level 3. HP: 36/36 MP: 3/3
    38 | D        | Reached XP level 4. HP: 43/43 MP: 4/4
    41 | D        | Killed an ogre
    41 | D        | Reached skill level 9 in Fighting
    41 | D        | Reached XP level 5. HP: 36/52 MP: 5/5
   182 | D        | Found a roughly hewn altar of Beogh.
   182 | D        | Found a snail-covered altar of Cheibriados.
   182 | D        | Found a shadowy altar of Dithmenos.
   182 | D        | Found a white marble altar of Elyvilon.
   182 | D        | Found a blossoming altar of Fedhas.
   182 | D        | Found an opulent altar of Gozag.
   183 | D        | Found a hazy altar of Hepliaklqana.
   184 | D        | Found a viscous altar of Jiyva.
   185 | D        | Found an ancient bone altar of Kikubaaqudgha.
   186 | D        | Found a corrupted altar of Lugonu.
   187 | D        | Found a burning altar of Makhleb.
   188 | D        | Found a sparkling altar of Nemelex Xobeh.
   189 | D        | Found an iron altar of Okawaru.
   190 | D        | Found a stormy altar of Qazlal.
   191 | D        | Found a sacrificial altar of Ru.
   192 | D        | Found a shimmering blue altar of Sif Muna.
   193 | D        | Found a bloodstained altar of Trog.
   194 | D        | Found a hide-covered altar of Uskayaw.
   195 | D        | Found a radiant altar of Vehumet.
   196 | D        | Found an ornate altar of the Wu Jian Council.
   197 | D        | Became a worshipper of Warmaster Okawaru
   198 | D        | Found a shimmering altar of Xom.
   199 | D        | Found a basalt altar of Yredelemnul.
   200 | D        | Found a glowing silver altar of Zin.
   201 | D        | Found a glowing golden altar of the Shining One.
   238 | D        | Noticed an ice beast
   238 | D        | Noticed a hippogriff
   238 | D        | Noticed a phantom
   238 | D        | Noticed a big kobold
   246 | D        | Reached XP level 6. HP: 58/59 MP: 6/6
   255 | D        | Killed an ice beast
   255 | D        | Reached skill level 10 in Fighting
   261 | D        | Killed a hippogriff
   261 | D        | Reached * piety under Okawaru
   261 | D        | Reached skill level 11 in Fighting
   261 | D        | Reached skill level 10 in Maces & Flails
   261 | D        | Reached XP level 7. HP: 33/69 MP: 7/7
   276 | D        | Reached skill level 12 in Fighting
   280 | D        | Reached ** piety under Okawaru
   464 | D        | Noticed a troll
   464 | D        | Noticed an unseen horror
   464 | D        | Noticed a seven-headed hydra
   464 | D        | Noticed a cyclops
   464 | D        | Noticed a troll
   470 | D        | HP: 3/71 [troll (14)]
   470 | D        | Mangled by a troll

Levels and vault maps discovered:
D:        linesprint [early_d, line_temple, items_1, d_10, items_2, lair_1,
          lair_end, items_3, orc_1, orc_end, items_4, d_15, swamp_1, shoals_1,
          snake_1, spider_1, d_20, vaults_1, items_5, swamp_end, shoals_end,
          snake_end, spider_end, vaults_end, d_27, items_6, zot_1, zot_end,
          crypt_end, forest_end, elf_end, slime_end, tomb_end, abyss_end,
          pan_hell_end]

Skill      XL: |  1  2  3  4  5  6  7 |
---------------+----------------------+-----
Fighting       | 4 7 9 11 12 | 12.5
Maces & Flails | 3 6 8 10 11 | 11.3
Armour         | |  3.2
Shields        | |  3.6

Action                   |  1- 3 |  4- 6 |  7- 9 || total
-------------------------+-------+-------+-------++-------
Melee: Flail             |    26 |     8 |       ||    34
       Morningstar       |       |    22 |    24 ||    46
Invok: Heroism           |       |       |     1 ||     1
  Use: Potion            |     2 |       |       ||     2
Armor: Scale mail        |     8 |    23 |    11 ||    42
Dodge: Dodged            |     8 |    11 |     5 ||    24
Block: Kite shield       |    11 |    24 |    15 ||    50

Table legend:
 A = Non-vault XP
 B = Vault XP
 C = Vault XP percentage of total XP
 D = Non-vault monster count
 E = Vault monster count
 F = Vault count percentage of total count
                 A         B        C        D         E       F
            +---------+---------+-------+---------+---------+-------
      Total |       0 |     957 | 100.0 |       0 |      16 | 100.0
            +---------+---------+-------+---------+---------+-------
          D |       0 |     957 | 100.0 |       0 |      16 | 100.0
            +---------+---------+-------+---------+---------+-------
